 BcadrenCrawl: Boulder Brew version 0.06-688-g08e91b2d95 (webtiles) character file.

Game seed: 8612160953977847721

17 Leeroy the Ducker (level 2, 3/3 HPs) Fairy Demigod. Began on Jan 22, 2023. Got out of the dungeon alive. The game lasted 00:01:10 (90 turns).

Leeroy the Ducker (Fairy Demigod)                     Turns: 90, Time: 00:01:11

Health: 3/3        AC:  0    Str:  9    XL:     2 ^: 23
Magic:  3/3        EV: 23    Int: 17    God:
Gold:   10         SH:  0    Dex: 19    Spells: 2/3 levels left

rFire    . . .     Slash    +   (no jewelry)
rCold    . . .     Pierce   +
rNeg     . . .     Bludgeon +
rCorr    . . .     Vision   .
rPois    .         Gourm    .
rElec    .         Faith    .
MR       .....     Spirit   .
HPRegen  0.11/turn Reflect  .
MPRegen  0.13/turn Harm     .
Stlth    +.........

@: flying, glowing, slow
A: tiny, no armour or weapons, only one jewelry slot, no melee attacks, fairy
magic, fairy shield, decreased potion and divine healing, unfitting armour,
flight, high mp 1, slowness 1, fairy light 1, insubstantial
a: Stop Flying


You escaped.
You were not hungry.

You visited 1 branch of the dungeon, and saw 1 of its levels.

You collected 10 gold pieces.

Inventory:

Jewellery
 c - a cursed ring of ice {(Curse: Int-5)}
Scrolls
 e - a scroll of holy word
Potions
 a - 2 potions of haste
 f - a potion of brilliance
Comestibles
 b - a ration
 d - a chunk of flesh


   Skills:
 + Level 4.7 Dodging
 + Level 1.5 Stealth
 + Level 1.2 Spellcasting
 + Level 2.4 Fire Magic


You had 2 spell levels left.
You knew the following spells:

 Your Spells              Type           Power        Failure   Level  Hunger
a - Flame Tongue          Fire           9 (30)       8%          1    19-39

Your spell library contained the following spells:

 Spells                   Type           Power        Failure   Level  Hunger
 Slow Hex 1 (100) 22% 1 19-39 Blink Tloc N/A 32% 2 59-99 Call Imp Summ 1 (100) 32% 2 59-99 Conjure Flame Fire 9 (100) 24% 3 99-159 Mephitic Cloud Pois/Air       1 (100)      54%         3    99-159


Dungeon Overview and Level Annotations

Branches:
Dungeon (1/8)


Innate Abilities, Weirdness & Mutations

You are too small to use any gear.
You can wear a single ring or amulet completely around your body.
You are incapable of melee of any kind.
Your magic reserves are extremely low but spells that normally cost one mana are free and all other spells cost one mana.
You are extremely frail but all attacks that strike you do exactly one damage.
The effect of potions and godly healing effects is reduced to match your tiny health and magic reserves.
You are able to fly continuously.
You have an increased reservoir of magic. (+15% MP)
You cover ground slowly.
You exude a bright light in a small radius around yourself.
Your insubstantial form grants resistance to all physical attack and full immunity to sticky flames, nets and constriction. (rPhysical+)


Message History

r - Retreat! s - Stop attacking. g - Guard the area. f - Follow me.
Anything else - Cancel. "Hey, listen!" you exclaim.
The rat bites you (3).
Casting: Flame Tongue (safe; 8% risk of failure)
Confirm with . or Enter, or press ? or * to list all spells.
Aiming: Flame Tongue (safe; 8% risk of failure)
Press: ? - help, Shift-Dir - straight line, f - rat
Aim: a rat (93%, 93% to-hit, healthy (2/2), 41% (Melee), haloed)
The flame tongue misses the rat.
The rat closely misses you.
Casting: Flame Tongue (safe; 8% risk of failure)
Confirm with . or Enter, or press ? or * to list all spells.
Aiming: Flame Tongue (safe; 8% risk of failure)
Press: ? - help, Shift-Dir - straight line, f/p - rat
Aim: a rat (93%, 93% to-hit, healthy (2/2), 41% (Melee), haloed)
The flame tongue hits the rat (6).
You kill the rat!
Are you sure you want to leave the Dungeon?
This will make you lose the game!
You have escaped!

..... ##### .#.. ... ....
... ##### ..## #.. #...#
... # #.###.♣.###.# .#
#.#.......#.# ..#
#.'.♣.@†♣.'.###..###
#.#.....).#........#
##.###.♣.###........
#####....#...#........#.#
#...)....#####.......##.#
#.###........≈.≈.......#
#.##...######≈>#.....#..
#.#.....## #..#...).#..
#.###........# #..###.###


There were no monsters in sight!

Vanquished Creatures
  A giant cockroach (D:1)
  2 kobolds (D:1)
  A rat (D:1)
4 creatures vanquished.

Notes
Turn   | Place    | Note
-------+----------+-------------------------------------------
     0 | D:1      | Leeroy the Fairy Demigod began the quest for the Orb.
     0 | D:1      | Reached XP level 1. HP: 3/3 MP: 3/3
    60 | D:1      | Reached XP level 2. HP: 3/3 MP: 3/3
    90 | D:$      | Got out of the dungeon alive.

Illustrated notes

Levels and vault maps discovered:
D:1:      dpeg_arrival_simpleton_c, layout_loops_ring, first_ration

Action                   || total
-------------------------++-------
 Cast: Flame Tongue      ||     6
 Abil: Fly               ||     1
Dodge: Dodged            ||     1
